 Dungeon Crawl Stone Soup version 0.24.0-37-gcf1ca852f1 (webtiles) character file.

Game seed: 8158572178904200571, levelgen mode: deterministic

752 sankara the Shield-Bearer (level 7, -1/57 HPs)
             Began as a Minotaur Fighter on Nov 25, 2019.
             Slain by an orc (4 damage)
             ... on level 3 of the Dungeon.
             The game lasted 00:14:03 (2904 turns).

sankara the Shield-Bearer (Minotaur Fighter)        Turns: 2904, Time: 00:14:03

Health: -1/57      AC:  6    Str: 21    XL:     7   Next: 49%
Magic:  6/6        EV:  9    Int:  5    God:
Gold:   204        SH: 11    Dex: 15    Spells: 6/6 levels left

rFire    . . .     SeeInvis .   a - +0 long sword
rCold    . . .     Gourm    .   c - +0 shield
rNeg     + . .     Faith    .   k - +0 scale mail
rPois    .         Spirit   .   (helmet restricted)
rElec    .         Reflect  .   (no cloak)
rCorr    .         Harm     .   (no gloves)
MR       .....                  (no boots)
Stlth    +.........             (no amulet)
HPRegen  0.19/turn              o - +4 ring of dexterity
MPRegen  0.10/turn              y - ring of positive energy

@: no status effects
A: retaliatory headbutt, horns 2
a: no special abilities


You were on level 3 of the Dungeon.
You were not hungry.

You visited 1 branch of the dungeon, and saw 4 of its levels.

You collected 204 gold pieces.

Inventory:

Hand Weapons
 a - a +0 long sword (weapon)
 b - a +2 dagger of draining
 q - a +0 hunting sling
Missiles
 n - 57 stones (quivered)
Armour
 c - a +0 shield (worn)
 g - a +0 chain mail
 k - a +0 scale mail (worn)
Jewellery
 o - a +4 ring of dexterity (left hand)
 y - a ring of positive energy (right hand)
Scrolls
 e - 4 scrolls of identify {unknown}
 h - a scroll of enchant armour {unknown}
 j - a scroll of immolation {unknown}
 l - a scroll of noise {unknown}
 p - a scroll of magic mapping {unknown}
 s - a scroll of amnesia {unknown}
 u - 2 scrolls of remove curse {unknown}
 v - a scroll of teleportation {unknown}
 x - a scroll of blinking {unknown}
Potions
 d - 2 potions of might
 i - 3 potions of curing {unknown}
 m - a potion of heal wounds {unknown}
 r - 2 potions of lignification {unknown}
 w - a potion of brilliance {unknown}
 z - a potion of agility {unknown}
Comestibles
 f - 5 rations


   Skills:
 - Level 3.6 Fighting
 + Level 6.8 Long Blades
 - Level 3.6 Armour
 - Level 2.0 Dodging
 + Level 2.1 Stealth
 + Level 7.4 Shields


You had 6 spell levels left.
You didn't know any spells.
Your spell library was empty.

Dungeon Overview and Level Annotations

Branches:
Dungeon (4/15)
 Temple: D:4-7

Altars:
Qazlal


Innate Abilities, Weirdness & Mutations

You reflexively headbutt those who attack you in melee.
You have a pair of horns on your head.


Message History

The bullfrog skeleton barely misses you.
The orc priest looks satisfied for a moment.
You slash the orc priest! Your headbutt misses the orc priest.
The orc priest is heavily wounded.
You block the orc's attack.
You block the bullfrog skeleton's attack.
The orc priest mumbles some strange prayers to Beogh against you.
Beogh smites you!
* * * LOW HITPOINT WARNING * * *
The bullfrog skeleton barely misses you.
The orc barely misses you.
The orc priest mumbles some strange prayers to Beogh against you.
Beogh smites you!
* * * LOW HITPOINT WARNING * * *
You climb upwards.
There is a stone staircase leading down here.
You barely miss the orc priest.
The orc priest is heavily wounded.
The orc hits you.
You die...

##.....####.......# ##.#.##
#.........#.......# ##.##
#.#.##..#.#.......# #.#
#.#.##..#.#.......# #.#
#.#.....#.#.......# #.#
#.#..##.#>####.#### #.#
#.#..##.#.# #.##.## #.#
#.........# ##.#o#.### #.#
#.......### #..@###..# #.#
#.##.##.# #..o.#.#.###.#
##.......#####.<##........# #####
##.##...........#####.#######....
))....##.######.#####.# #.......
##.......# #.......# #.##.##.
##.......# #<####### ##.##.##.
#.......# ##.## #.....##.
#.......# #...# #..#####.


You could see an orc priest and an orc.

Vanquished Creatures
  Grinder (D:3)
  Sigmund (D:2)
  A sky beast (D:3)
  A bullfrog zombie (D:3)
  A jelly (D:2)
  An orc priest (D:3)
  Natasha (thrice) (D:2)
  4 adders
  An ooze (D:1)
  4 worms
  3 dart slugs
  3 leopard geckos
  9 orcs
  A ball python (D:1)
  7 bats
  4 giant cockroaches
  5 goblins
  7 hobgoblins
  6 jackals
  7 frilled lizards
  6 kobolds
  6 rats
82 creatures vanquished.

Notes
Turn   | Place    | Note
-------+----------+-------------------------------------------
     0 | D:1      | sankara the Minotaur Fighter began the quest for the Orb.
     0 | D:1      | Reached XP level 1. HP: 19/19 MP: 0/0
   140 | D:1      | Reached skill level 4 in Shields
   149 | D:1      | Reached XP level 2. HP: 23/26 MP: 1/1
   386 | D:1      | Reached XP level 3. HP: 31/31 MP: 2/2
   459 | D:2      | Noticed Natasha
   536 | D:2      | Killed Natasha
   540 | D:2      | Noticed Natasha
   553 | D:2      | Killed Natasha
   553 | D:2      | Reached skill level 5 in Shields
   553 | D:2      | Reached XP level 4. HP: 29/39 MP: 3/3
   802 | D:2      | Noticed Natasha
   807 | D:2      | Killed Natasha
   807 | D:2      | Reached XP level 5. HP: 37/45 MP: 4/4
   846 | D:2      | Reached skill level 5 in Long Blades
  1197 | D:2      | Noticed Sigmund
  1202 | D:2      | Killed Sigmund
  1202 | D:2      | Reached skill level 6 in Shields
  1202 | D:2      | Reached XP level 6. HP: 32/51 MP: 5/5
  1818 | D:3      | Reached skill level 1 in Dodging
  1981 | D:3      | Noticed Grinder
  1990 | D:3      | Paralysed by Grinder for 2 turns
  1996 | D:3      | Paralysed by Grinder for 2 turns
  2000 | D:3      | Killed Grinder
  2000 | D:3      | Reached skill level 1 in Stealth
  2000 | D:3      | Reached skill level 7 in Shields
  2000 | D:3      | Reached XP level 7. HP: 38/57 MP: 6/6
  2445 | D:3      | Found a stormy altar of Qazlal.
  2902 | D:4      | HP: 2/57 [orc priest/divine providence (10)]
  2904 | D:3      | Slain by an orc

Levels and vault maps discovered:
D:1:      dpeg_arrival_boxorama, layout_rooms, minmay_worlds_worst_comb
D:2:      layout_basic, uniq_sigmund, uniq_natasha
D:3:      layout_loops_cross, nicolae_qazlal_eye_of_the_storm, uniq_grinder
D:4:      layout_cave_pools, kennysheep_generic_room_7, uniq_edmund

Skill      XL: |  1  2  3  4  5  6  7 |
---------------+----------------------+-----
Shields        | 4 5 6 7 |  7.4
Long Blades    | 3 4 6 |  6.8
Dodging        | 2 |  2.0
Stealth        | 1 2 |  2.1
Fighting       | |  3.6
Armour         | |  3.6

Action                   |  1- 3 |  4- 6 |  7- 9 || total
-------------------------+-------+-------+-------++-------
Melee: Dagger            |    63 |    88 |    22 ||   173
       Long sword        |     5 |     9 |    19 ||    33
       Headbutt          |     6 |    14 |    12 ||    32
  Use: Potion            |       |     1 |       ||     1
  Eat: Chunk             |       |     4 |     2 ||     6
Armor: Scale mail        |    18 |    21 |     8 ||    47
       Skin              |    13 |       |       ||    13
Dodge: Dodged            |    21 |    21 |    14 ||    56
Block: Shield            |    25 |    35 |    21 ||    81
       Rpst.: Long sword |     1 |     2 |       ||     3
